 Dungeon Crawl Stone Soup version 0.31-a0-145-g046c7d2549 (webtiles) character file.

Game seed: 11931224447478811778

10108 BobG the Severer (level 11, -1/101 HPs)
             Began as a Hill Orc Fighter on June 5, 2023.
             Was a Priest of Makhleb.
             Slain by a yak (shapeshifter) (7 damage)
             ... on level 13 of the Dungeon.
             The game lasted 00:33:53 (8415 turns).

BobG the Severer (Hill Orc Fighter)                 Turns: 8415, Time: 00:33:54

Health: -1/101     AC: 20    Str: 22    XL:     11   Next: 57%
Magic:  11/11      EV: 20    Int:  8    God:    Makhleb [***...]
Gold:   710        SH:  5    Dex: 12    Spells: 10/10 levels left

rFire   . . .        a - +0 war axe
rCold   . . .        P - orb {*Rage}
rNeg    . . .        d - +3 chain mail {rPois}
rPois   +            w - +0 helmet
rElec   .            J - +1 cloak {rPois}
rCorr   .            (no gloves)
SInv    .            R - +1 pair of boots
Will    .....        t - amulet of reflection Stlth
                     F - +5 ring of evasion
HPRegen 0.36/turn    y - +5 ring of evasion
MPRegen 0.12/turn

%: random rage (20%), reflection
@: on berserk cooldown, slowed, very slow
A: no striking features
a: Renounce Religion, Minor Destruction, Lesser Servant of Makhleb


You were on level 13 of the Dungeon.
You worshipped Makhleb.
Makhleb was most pleased with you.
You visited 2 branches of the dungeon, and saw 12 of its levels.

You collected 806 gold pieces.
You spent 96 gold pieces at shops.

Inventory:

Hand Weapons
 a - a +0 war axe (weapon)
 B - a +3 dagger
 K - a +3 hammer of holy wrath
Missiles
 M - a throwing net (quivered)
 O - 15 poisoned darts
Armour
 c - a +0 buckler
 d - a +3 chain mail of poison resistance (worn)
 h - a +0 pair of boots
 w - a +0 helmet (worn)
 J - a +1 cloak of poison resistance (worn)
 P - an orb of wrath (worn)
 Q - the +4 ring mail "Susazuss" {rElec rPois rF- Dex+2}
   (You took it off an orc on level 7 of the Dungeon)

   Dex:       It affects your dexterity (+2).
   rF:        It makes you vulnerable to fire.
   rElec:     It insulates you from electricity.
   rPois:     It protects you from poison.
 R - a +1 pair of boots (worn)
 W - the +1 robe "Evvuder" {Harm rC+ Regen+ Slay+3}
   (You found it on level 10 of the Dungeon)

   Slay:      It affects your accuracy & damage with ranged weapons and melee
   (+3).
   rC:        It protects you from cold.
   Regen:     It increases your rate of health regeneration.
   Harm:      It increases damage dealt and taken.
Jewellery
 m - a ring of ice
 s - a ring of wizardry
 t - an amulet of reflection (around neck)
 u - a ring of poison resistance
 y - a +5 ring of evasion (right hand)
 D - a ring of protection from fire
 F - a +5 ring of evasion (left hand)
Wands
 G - a wand of digging (10)
 I - a wand of iceblast (15)
 T - a wand of charming (6)
 V - a wand of flame (9)
Scrolls
 b - 2 scrolls of blinking {unknown}
 e - 2 scrolls of fog {unknown}
 g - 3 scrolls of magic mapping {unknown}
 k - 4 scrolls of vulnerability {unknown}
 l - 4 scrolls of teleportation
 o - 3 scrolls of torment {unknown}
 p - a scroll of immolation {unknown}
 q - 2 scrolls of poison {unknown}
 r - a scroll of enchant armour {unknown}
 N - 4 scrolls of identify
 S - a scroll of brand weapon {unknown}
 U - a scroll of amnesia {unknown}
Potions
 f - 4 potions of mutation
 i - 3 potions of attraction
 j - 3 potions of heal wounds
 n - 5 potions of resistance
 v - 3 potions of haste {unknown}
 x - a potion of invisibility {unknown}
 z - 2 potions of degeneration {unknown}
 A - a potion of enlightenment {unknown}
 C - 2 potions of ambrosia {unknown}
 E - a potion of berserk rage {unknown}
 H - 2 potions of brilliance
 L - 2 potions of curing


   Skills:
 + Level 10.4 Fighting
 + Level 15.2 Axes
 + Level 8.4 Armour
 + Level 3.6 Dodging
 + Level 1.2 Stealth
 + Level 8.0 Shields


You had 10 spell levels left.
You didn't know any spells.
Your spell library contained the following spells:

 Spells                   Type           Power      Damage    Failure   Level
 Sublimation of Blood     Necr           0%         N/A       98%         2
 Wereblood                Tmut           0%         N/A       98%         2
 Call Canine Familiar     Summ           0%         N/A       100%        3
 Inner Flame              Hex/Fire       0%         N/A       100%        3
 Portal Projectile        Hex/Tloc       0%         N/A       100%        3
 Volatile Blastmotes      Fire/Tloc      0%         2d10      100%        3
 Flame Wave               Conj/Fire      0%         2d4       100%        4
 Fulminant Prism          Conj/Hex       0%         3d5       100%        4
 Iskenderun's Mystic Bla  Conj/Tloc      0%         2d3       100%        4
 Leda's Liquefaction      Hex/Erth       0%         N/A       100%        4
 Sticky Flame             Conj/Fire      0%         2d3       100%        4
 Lee's Rapid Deconstruct  Erth           0%         3d4*      100%        5
 Summon Hydra             Summ           0%         N/A       100%        7


Dungeon Overview and Level Annotations

Branches:
Dungeon (13/15)            Temple (1/1) D:4          Vaults (0/5) D:13
   Lair: D:8-11         Orc: D:9-12

Altars:
Ashenzari
Cheibriados
Dithmenos
Fedhas
Gozag
Hepliaklqana
Kikubaaqudgha
Makhleb
Nemelex Xobeh
Okawaru
Qazlal
Ru
Sif Muna
Trog
Uskayaw
Vehumet
Wu Jian
Xom
Yredelemnul
Zin
The Shining One

Shops:
D:6 !   D:8 :


Message History

You closely miss the vampire.
You slice one of the five-headed hydra's heads off!
The four-headed hydra grows two more!
You slash the six-headed hydra! The six-headed hydra barely misses you.
The six-headed hydra bites you.
* * * LOW HITPOINT WARNING * * *
The six-headed hydra completely misses you.
The six-headed hydra barely misses you.
The six-headed hydra bites you but does no damage. x2
The vault guard closely misses you. The vampire barely misses you.
The vampire bites you but does no damage.
You barely miss the vault guard.
The vault guard is lightly wounded.
You slice one of the six-headed hydra's heads off!
The five-headed hydra grows two more!
You hit the seven-headed hydra. You slash the yak!
You hit the vampire but do no damage.
You block the seven-headed hydra's attack.
The seven-headed hydra barely misses you.
The seven-headed hydra bites you but does no damage.
The seven-headed hydra bites you.
* * * LOW HITPOINT WARNING * * *
The seven-headed hydra bites you.
* * * LOW HITPOINT WARNING * * *
The seven-headed hydra completely misses you.
The seven-headed hydra barely misses you.
The vault guard completely misses you. The vampire closely misses you. x2
The yak completely misses you.
You barely miss the vault guard. You hit the yak. You hit the vampire.
You chop one of the seven-headed hydra's heads off!
The six-headed hydra grows two more!
You hit the eight-headed hydra. The eight-headed hydra bites you!
* * * LOW HITPOINT WARNING * * *
The eight-headed hydra misses you.
The eight-headed hydra completely misses you.
The eight-headed hydra bites you but does no damage.
The eight-headed hydra barely misses you. x2
The eight-headed hydra bites you but does no damage. x2
The vault guard hits you with a +0 broad axe!
* * * LOW HITPOINT WARNING * * *
The vampire misses you. The vampire completely misses you. The yak gores you!
You die...

#.........###.#
#.........###.#
#.............# ####
#....##.......#
#....#....##.......#
#....#.............#
#....#........##...#
.#....#..Yp)...#
...#
.........V@....# ..#
#......D##...# .#
##.....####..#
##...## ##... ##'##
..... ... .....
#.#.l ... # ..O ...
...c


You could see an eight-headed hydra, a vault guard, a yak shaped shifter and a
vampire.

Vanquished Creatures
  3 vault guards (D:13)
  2 centaur warriors (D:13)
  A two-headed ogre (D:13)
  The ghost of bmj180 the Chiller, a novice MfIE of Okawaru (D:5)
  Pikel (D:9)
  2 gargoyles (D:13)
  A hornet (D:10)
  Sigmund (D:5)
  A wraith (D:7)
  A wyvern (D:9)
  4 steam dragons
  The ghost of abztr the Sneak, an amateur HuBr of Okawaru (D:3)
  A basilisk (shapeshifter) (D:13)
  Edmund (D:5)
  2 water moccasins (D:6)
  3 orc warriors
  3 ice beasts
  2 black bears
  2 sky beasts (D:6)
  3 ogres
  3 centaurs
  2 lemures (D:9)
  A phantom (D:7)
  A kobold brigand (D:7)
  2 bullfrogs
  2 gnoll sergeants
  A scorpion (D:7)
  6 killer bees (D:9)
  5 howler monkeys
  5 hounds
  3 orc priests
  4 gnoll boudas
  Crazy Yiuf (D:5)
  2 jellies (D:6)
  7 iguanas
  A sleepcap (D:7)
  Ijyb (D:5)
  2 orc wizards
  Robin (D:2)
  12 gnolls
  7 adders
  A shadow imp (D:6)
  2 worms
  19 orcs
  7 ball pythons
  6 endoplasms
  3 giant cockroaches
  22 goblins
  15 hobgoblins
  5 jackals
  3 quokkas
  2 bats
  5 frilled lizards
  3 kobolds
  5 rats
  2 butterflies (D:4)
205 creatures vanquished.

Notes
Turn   | Place    | Note
-------+----------+-------------------------------------------
     0 | D:1      | BobG the Hill Orc Fighter began the quest for the Orb.
     0 | D:1      | Reached XP level 1. HP: 19/19 MP: 1/1
   118 | D:1      | Reached XP level 2. HP: 27/27 MP: 2/2
   387 | D:1      | Reached skill level 3 in Axes
   905 | D:2      | Reached XP level 3. HP: 33/33 MP: 3/3
  1423 | D:2      | Reached XP level 4. HP: 40/40 MP: 4/4
  1688 | D:2      | Noticed Robin
  1697 | D:2      | Reached skill level 4 in Axes
  1711 | D:2      | Killed Robin
  1882 | D:3      | Found an ancient bone altar of Kikubaaqudgha.
  1947 | D:3      | Reached XP level 5. HP: 46/46 MP: 5/5
  2028 | D:3      | Found a sacrificial altar of Ru.
  2048 | D:3      | Found a large runed translucent door.
  2049 | D:3      | Found a large runed translucent door.
  2051 | D:3      | Noticed abztr's ghost (amateur HuBr)
  2066 | D:3      | Killed abztr's ghost
  2067 | D:3      | Reached skill level 5 in Axes
  2067 | D:3      | Reached skill level 1 in Dodging
  2067 | D:3      | Reached XP level 6. HP: 53/53 MP: 6/6
  2312 | D:3      | Found a glowing golden altar of the Shining One.
  2515 | D:3      | Found a shimmering blue altar of Sif Muna.
  2698 | D:4      | Found a staircase to the Ecumenical Temple.
  2717 | Temple   | Entered the Ecumenical Temple
  2803 | Temple   | Became a worshipper of Makhleb the Destroyer
  3049 | D:4      | Found a hide-covered altar of Uskayaw.
  3114 | D:4      | Reached skill level 6 in Axes
  3585 | D:4      | Reached skill level 5 in Fighting
  3585 | D:4      | Reached XP level 7. HP: 45/61 MP: 7/7
  3682 | D:5      | Entered Level 5 of the Dungeon
  3686 | D:5      | Found a runed translucent door.
  3689 | D:5      | Noticed bmj180's ghost (novice MfIE)
  3712 | D:5      | Killed bmj180's ghost
  3713 | D:5      | Reached skill level 8 in Axes
  3713 | D:5      | Reached skill level 5 in Armour
  3713 | D:5      | Reached XP level 8. HP: 38/70 MP: 8/8
  3923 | D:5      | Found a basalt altar of Yredelemnul.
  3992 | D:5      | Noticed Sigmund
  3998 | D:5      | Reached * piety under Makhleb
  4018 | D:5      | Killed Sigmund
  4019 | D:5      | Reached skill level 9 in Axes
  4019 | D:5      | Reached skill level 5 in Shields
  4282 | D:5      | Noticed Ijyb
  4294 | D:5      | Killed Ijyb
  4313 | D:5      | Found an opulent altar of Gozag.
  4428 | D:5      | Noticed Edmund
  4445 | D:5      | Killed Edmund
  4693 | D:5      | Found a glowing silver altar of Zin.
  4813 | D:5      | Found a runed translucent door.
  4814 | D:5      | Noticed Crazy Yiuf
  4823 | D:5      | Killed Crazy Yiuf
  4906 | D:6      | Reached XP level 9. HP: 74/78 MP: 9/9
  4948 | D:6      | Reached skill level 10 in Axes
  5467 | D:6      | Found Pippoth's Distillery.
  5500 | D:6      | Bought a potion of curing for 36 gold pieces
  5500 | D:6      | Bought a potion of heal wounds for 60 gold pieces
  5665 | D:6      | Reached skill level 11 in Axes
  5997 | D:7      | Identified the +1 leather armour "Duelomadi" {Rampage}
  6030 | D:7      | Reached ** piety under Makhleb
  6031 | D:7      | Reached XP level 10. HP: 82/90 MP: 10/10
  6066 | D:7      | Identified the +4 ring mail "Susazuss" {rElec rPois rF-
                  | Dex+2}
  6070 | D:7      | Reached skill level 12 in Axes
  6440 | D:8      | Found a radiant altar of Vehumet.
  6996 | D:8      | Found Zuhaotid's Book Emporium.
  7345 | D:9      | Reached skill level 1 in Stealth
  7376 | D:9      | Found a stormy altar of Qazlal.
  7382 | D:9      | Found a blossoming altar of Fedhas.
  7547 | D:9      | Reached skill level 13 in Axes
  7858 | D:9      | Noticed Pikel
  7869 | D:9      | Killed Pikel
  8082 | D:10     | Entered Level 10 of the Dungeon
  8104 | D:10     | Found a hazy altar of Hepliaklqana.
  8129 | D:10     | Reached *** piety under Makhleb
  8187 | D:10     | Found a shadowy altar of Dithmenos.
  8200 | D:10     | Found a snail-covered altar of Cheibriados.
  8204 | D:10     | Identified the +1 robe "Evvuder" {Harm rC+ Regen+ Slay+3}
  8281 | D:10     | You fall into a shaft and drop 3 floors!
  8312 | D:13     | Noticed a gargoyle
  8326 | D:13     | Killed a gargoyle
  8363 | D:13     | Found a gate to the Vaults.
  8363 | D:13     | Noticed a harpy
  8363 | D:13     | Noticed a vault guard
  8363 | D:13     | Noticed a vault guard
  8363 | D:13     | Noticed a centaur warrior
  8363 | D:13     | Noticed a vault guard
  8363 | D:13     | Noticed a two-headed ogre
  8363 | D:13     | a harpy changed into a basilisk
  8363 | D:13     | Noticed a vault guard
  8365 | D:13     | Noticed a gargoyle
  8365 | D:13     | Noticed a centaur warrior
  8384 | D:13     | Killed a vault guard
  8385 | D:13     | Reached skill level 14 in Axes
  8385 | D:13     | Reached XP level 11. HP: 99/99 MP: 11/11
  8385 | D:13     | Killed a vault guard
  8386 | D:13     | Killed a two-headed ogre
  8387 | D:13     | Reached skill level 10 in Fighting
  8396 | D:13     | Killed a centaur warrior
  8398 | D:13     | Killed a vault guard
  8399 | D:13     | Reached skill level 15 in Axes
  8405 | D:13     | Killed a centaur warrior
  8406 | D:13     | Noticed a four-headed hydra
  8410 | D:13     | HP: 4/101 [vault guard/+0 broad axe (11)]
  8415 | D:13     | Slain by a yak (shapeshifter)

Illustrated notes

Levels and vault maps discovered:
D:1:      spicycebolla_arrival_transporter_tutorial, layout_loops_ring,
          roderic_roman_lattice, minmay_pentomino_r4
D:2:      cheibrodos_greedy_goblins, layout_loops_corners, grunt_ministairs_6,
          uniq_robin
D:3:      layout_rooms, led_sif_pool, tso_metal_star,
          mainiacjoe_overflow_large_starburst, ebering_ghost_disaster_area,
          hangedman_decor_peaks_small, minmay_cut_off
D:4:      layout_basic, nicolae_uskayaw_murder_on_the_dancefloor,
          minmay_temple_entry_butterflies, serial_forest,
          infiniplex_forest_straight_4, infiniplex_forest_lined_room_3,
          infiniplex_forest_clump_tiny, infiniplex_forest_clump_curved,
          infiniplex_forest_straight_5, infiniplex_forest_zigzag_1
D:5:      layout_rooms, pdpol_temple_overflow_zin_treasury_gozag_greed,
          mainiacjoe_overflow_brackets, ebering_ghost_reflecting_pool,
          hex_medium, chequers_serial_rivers_small_b, hangedman_decor_growths,
          kennysheep_doodads, solitary_fountain, kennysheep_generic_room_3,
          uniq_edmund, uniq_sigmund, uniq_ijyb, uniq_crazy_yiuf_cottage
D:6:      layout_basic, serial_shops, nicolae_shop_industrial_runoff
D:7:      layout_basic, corexii_corridor_pit, minmay_alternating_orb
D:8:      cheibrodos_iron_armory, layout_loops_ring,
          nicolae_vehumet_altar_sigil, serial_shops,
          nicolae_shop_just_a_little_nook
D:9:      layout_roguey, grunt_temple_overflow_forces_of_nature,
          hangedman_decor_opposing, uniq_pikel
D:10:     layout_small_grid, grunt_dithmenos_smoke,
          mainiacjoe_overflow_concentric_impassable, amcnicky_altar_gilded,
          lair_entry_dummy, nzn_sisyphean_effort
D:13:     layout_stronghold, lightli_vaults_fourway_checkpoint,
          portal_ice_cave_entry_ice_simulacra, uniq_jorgrun, uniq_kirke
Temple:   nicolae_temple_bog_church

Skill      XL: |  1  2  3  4  5  6  7  8  9 10 11 |
---------------+----------------------------------+-----
Axes           | 3 4 5 6 8 9 11 14 15 | 15.2
Armour         | 4 5 6 7 8 |  8.4
Fighting       | 4 5 6 8 9 10 | 10.4
Shields        | 4 5 6 7 8 |  8.0
Dodging        | 1 2 3 |  3.6
Stealth        | 1 |  1.2

Action                     |  1- 3 |  4- 6 |  7- 9 | 10-12 || total
---------------------------+-------+-------+-------+-------++-------
  Melee: War axe           |    92 |   171 |   258 |   227 ||   748
    Use: Potion            |       |     1 |       |     3 ||     4
         Scroll            |       |       |     6 |       ||     6
 Armour: Scale mail        |    10 |       |       |       ||    10
         Ring mail         |    39 |    33 |       |       ||    72
         Chain mail        |       |    29 |    64 |    99 ||   192
  Dodge: Dodged            |    42 |    73 |   129 |   265 ||   509
  Block: Buckler           |    44 |    93 |   104 |    29 ||   270
         Reflection        |     2 |     1 |       |     4 ||     7
         Orb               |       |       |       |    62 ||    62

Table legend: (Time is in decaauts)
 A = Elapsed time spent in this place.
 B = Non-inter-level travel time spent in this place.
 C = Inter-level travel time spent in this place.
 D = Time resting spent in this place.
 E = Time spent auto-exploring this place.
 F = Levels seen in this place.
 G = Mean time per level.
                   A        B        C        D        E       F      G
               +--------+--------+--------+--------+--------+-----+--------+
         Total |   8573 |   8168 |    405 |    824 |   4635 |  12 |  714.4 |
       Dungeon |   8458 |   8069 |    389 |    824 |   4635 |  11 |  768.9 |
        Temple |    115 |     99 |     16 |      0 |      0 |   1 |  115.0 |
               +--------+--------+--------+--------+--------+-----+--------+

Top non-repeatable levels by time:
     D:5: 1218 daAuts
     D:2: 1082 daAuts
     D:4: 1029 daAuts
     D:8: 994 daAuts
     D:6: 932 daAuts
     D:9: 805 daAuts
     D:1: 795 daAuts
     D:3: 761 daAuts
     D:7: 504 daAuts
    D:10: 202 daAuts
    D:13: 131 daAuts
  Temple: 115 daAuts
